 Dungeon Crawl Stone Soup version 0.28.0-47-ge53b351184 (webtiles) character file.

Game seed: 5387720449736507202

121 101zpm the Magician (level 5, 0/35 HPs)
             Began as a Djinni Fire Elementalist on May 5, 2022.
             Was an Initiate of Hepliaklqana.
             Slain by a goblin
             ... wielding a +0 dagger
              (3 damage)
             ... on level 4 of the Dungeon.
             The game lasted 00:04:21 (1802 turns).

101zpm the Magician (Djinni Fire Elementalist)      Turns: 1802, Time: 00:04:21

Health: 0/35       AC:  2    Str:  7    XL:     5   Next: 26%
Gold:   86         EV: 12    Int: 18    God:    Hepliaklqana [......] SH:  0 Dex: 14

rFire   + + .      SeeInvis .   (no weapon)
rCold   x . .      Faith    .   (no shield)
rNeg    . . .      Spirit   .   a - +0 robe
rPois   ∞          Reflect  .   (no helmet)
rElec   .          Harm     .   (no cloak)
rCorr   .          Rampage  .   (no gloves)
Will    .....                   (boots unavailable)
Stlth   ++........              (no amulet)
HPRegen 0.11/turn               (no ring)
MPRegen 0.00/turn               (no ring)

@: flying
A: sickness immunity, fire resistance 2, cold vulnerability 1, float, innate
caster, HP casting, extra vitality 1
a: Renounce Religion


You were on level 4 of the Dungeon.
You worshipped Hepliaklqana.
Hepliaklqana was noncommittal.
You visited 1 branch of the dungeon, and saw 4 of its levels.

You collected 86 gold pieces.

Inventory:

Armour
 a - a +0 robe (worn)
Jewellery
 e - a ring of fire
Scrolls
 b - a scroll of immolation {unknown}
 c - a scroll of acquirement {unknown}
 d - a scroll of teleportation {unknown}
 g - a scroll of magic mapping {unknown}
 h - a scroll of identify {unknown}
Potions
 f - a potion of curing {unknown}


   Skills:
 + Level 2.5 Dodging
 + Level 2.0 Stealth
 + Level 4.0 Spellcasting


You couldn't memorise any spells.
You knew the following spells:

 Your Spells              Type           Power      Damage    Failure   Level
a - Foxfire               Conj/Fire      72%        2x1d7     2%          1
b - Scorch                Fire           36%        2d7       4%          2
c - Conjure Flame         Conj/Fire      18%        6-21      9%          3
d - Inner Flame           Hex/Fire       18%        N/A       9%          3
e - Flame Wave            Conj/Fire      18%        2d6       26%         4
f - Magic Dart            Conj           72%        1d6       2%          1
g - Corpse Rot            Necr/Air       36%        N/A       4%          2
Your spell library was empty.

Dungeon Overview and Level Annotations

Branches:
Dungeon (4/15)
 Temple: D:4-7

Altars:
Hepliaklqana


Innate Abilities, Weirdness & Mutations

You are immune to sickness and miasma.
You are immune to poison.
Your flesh is very heat resistant. (rF++)
You are vulnerable to cold. (rC-)
You float through the air rather than walking.
You learn spells naturally, not from books.
Your magical power is your life essence.
You have superior vitality. (+4 MHP)


Message History

The bullfrog is almost dead.
The bullfrog hits you!
* * * LOW HITPOINT WARNING * * *
The goblin hits you with a +0 dagger.
* * * LOW HITPOINT WARNING * * *
The bullfrog barely misses you.
Casting: Foxfire (safe; 3% risk of failure)
Press: ? - help, Q - select action, (/) - cycle Dir - look around, f - activate You conjure some foxfire!
* * * LOW HITPOINT WARNING * * *
The bullfrog closely misses you. The goblin hits you with a +0 dagger.
* * * LOW HITPOINT WARNING * * *
The foxfire hits the bullfrog!
The bullfrog is burned terribly!
You kill the bullfrog!
The foxfire hits the goblin.
The goblin is heavily wounded.
Your Stealth skill increases to level 2!
Your Spellcasting skill increases to level 4!
You have reached level 5!
The power to cast Corpse Rot wells up from within.
Spell assigned to 'g'.
Found 12 gold pieces.
The hobgoblin closely misses you.
Found a scroll labelled SOIMUBRA JIUDY.
Casting: Foxfire (safe; 2% risk of failure)
Press: ? - help, Q - select action, (/) - cycle Dir - look around, f - activate You conjure some foxfire!
* * * LOW HITPOINT WARNING * * *
The goblin hits you with a +0 dagger.
* * * LOW HITPOINT WARNING * * *
The foxfire hits the hobgoblin.
The hobgoblin is lightly wounded.
The foxfire hits the hobgoblin but does no damage.
The hobgoblin is lightly wounded.
Found a stone staircase leading down.
A quokka comes into view.
The goblin barely misses you.
You see here a bullfrog corpse.
There is a stone staircase leading up here.
The goblin hits you with a +0 dagger.
You die...

.... #.... ......
....## .....
.....# #... ......
..#... ###.....
.....###......
##......#
#.......##
##..##.g@#
.####.g.##..##
...$....#.g..#..
..##..?.........#
..........##.r...#
#.................
##...............#
#...............#
#.......###...>...


You could see a hobgoblin and a goblin.

Vanquished Creatures
  A bullfrog (D:4)
  3 adders
  A worm (D:3)
  5 orcs (D:3)
  5 endoplasms
  A giant cockroach (D:2)
  2 hobgoblins (D:3)
  2 quokkas (D:2)
  2 bats (D:3)
  A frilled lizard (D:3)
  A rat zombie (D:3)
24 creatures vanquished.

Vanquished Creatures (others)
  90 foxfires
90 creatures vanquished.

Grand Total: 114 creatures vanquished

Notes
Turn   | Place    | Note
-------+----------+-------------------------------------------
     0 | D:1      | 101zpm the Djinni Fire Elementalist began the quest for the
                  | Orb.
     0 | D:1      | Reached XP level 1. HP: 15/15 MP: 0/0
    55 | D:1      | Found a faded altar of an unknown god.
   196 | D:2      | Reached XP level 2. HP: 16/21 MP: 0/0
   319 | D:2      | Found a hazy altar of Hepliaklqana.
   324 | D:2      | Reached skill level 3 in Spellcasting
   324 | D:2      | Reached XP level 3. HP: 20/25 MP: 0/0
   324 | D:2      | Learned a level 1 spell: Magic Dart
   333 | D:2      | Became a worshipper of Hepliaklqana the Forgotten
  1271 | D:3      | Reached XP level 4. HP: 13/31 MP: 0/0
  1780 | D:4      | Noticed a bullfrog
  1790 | D:4      | Killed a bullfrog
  1791 | D:4      | Reached skill level 4 in Spellcasting
  1791 | D:4      | Reached XP level 5. HP: 4/35 MP: 0/0
  1791 | D:4      | Learned a level 2 spell: Corpse Rot
  1802 | D:4      | Slain by a goblin

Illustrated notes

Levels and vault maps discovered:
D:1:      giann_forest_graveyard, layout_basic,
          dreamdust_ecumenical_altar_statues, roderic_roman_lattice,
          minmay_pentomino_r4
D:2:      minmay_angry_zag, layout_basic, serial_forest,
          infiniplex_forest_clump_double, infiniplex_forest_corner_1,
          infiniplex_forest_clump_C, infiniplex_forest_lined_2,
          infiniplex_forest_clump_cross, infiniplex_forest_corner_1,
          infiniplex_forest_clump_small, basic_altar, uniq_sigmund
D:3:      layout_basic, lemuel_zombie_altar_kikubaaqudgha
D:4:      layout_cave_pools, lemuel_crystal_altar,
          nicolae_ossuary_entry_catacombs

Skill      XL: |  1  2  3  4 |
---------------+-------------+-----
Spellcasting   | 3 4 |  4.0
Stealth        | 2 |  2.0
Dodging        | |  2.5

Action                   |  1- 3 |  4- 6 || total
-------------------------+-------+-------++-------
 Cast: Foxfire           |    41 |    15 ||    56
       Magic Dart        |    13 |       ||    13
       Inner Flame       |     5 |     3 ||     8
       Scorch            |     2 |     4 ||     6
Dodge: Dodged            |       |     5 ||     5
